 Dungeon Crawl Stone Soup version 0.22.1-1-ga44c0e5 (webtiles) character file.

1823 Lilu the Destroyer (level 8, -6/48 HPs)
             Began as a Deep Elf Conjurer on Nov 12, 2018.
             Mangled by an orc warrior
             ... wielding a +0 battleaxe
              (11 damage)
             ... on level 6 of the Dungeon.
             The game lasted 00:20:26 (6729 turns).

Lilu the Destroyer (Deep Elf Conjurer)              Turns: 6729, Time: 00:20:27

Health: -6/48      AC:  4    Str:  5    XL:     8   Next: 85%
Magic:  0/21       EV: 15    Int: 26    God:
Gold:   147        SH:  0    Dex: 15    Spells: 18/21 levels left

rFire    . . .     SeeInvis .   i - +1 dagger (venom)
rCold    . . .     Gourm    .   (no shield)
rNeg     . . .     Faith    .   p - +0 leather armour
rPois    .         Spirit   +   (no helmet)
rElec    .         Reflect  .   (no cloak)
rCorr    .         Harm     .   r - +0 pair of gloves
MR       +....                  (no boots)
Stlth    ++........             l - amulet of guardian spirit
HPRegen  0.16/turn              q - ring of protection from magic
MPRegen  0.17/turn              D - +3 ring of intelligence

@: no status effects
A: no striking features
a: no special abilities


You were on level 6 of the Dungeon.
You were not hungry.

You visited 1 branch of the dungeon, and saw 6 of its levels.

You collected 147 gold pieces.

Inventory:

Hand Weapons
 i - a +1 dagger of venom (weapon)
 x - a +6 flail of holy wrath
 C - a +0 shortbow
Missiles
 g - 62 arrows (quivered)
Armour
 a - a +0 robe
 p - a +0 leather armour (worn)
 r - a +0 pair of gloves (worn)
 E - the cursed +1 ring mail of the Stag {*Drain rC- Dex+9 Slay+3, unknown}
   (You found it on level 6 of the Dungeon)

   It affects your dexterity (+9).
   It affects your accuracy and damage with ranged weapons and melee attacks
   (+3).
   It makes you vulnerable to cold.
   It causes draining when unequipped.
   It has a curse placed upon it.
Jewellery
 l - an amulet of guardian spirit (around neck)
 q - a ring of protection from magic (left hand)
 D - a +3 ring of intelligence (right hand)
Wands
 o - a wand of polymorph (9)
Scrolls
 b - a scroll of magic mapping {unknown}
 d - 4 scrolls of identify
 e - 3 scrolls of fear {unknown}
 j - a scroll of random uselessness {unknown}
 s - a scroll of remove curse {unknown}
 u - a scroll of amnesia {unknown}
 w - a scroll of noise {unknown}
 y - a scroll of teleportation {unknown}
 A - a scroll of blinking {unknown}
 B - 3 scrolls of fog {unknown}
Potions
 f - a potion of ambrosia {unknown}
 h - a potion of lignification {unknown}
 k - 2 potions of degeneration {unknown}
 m - a potion of flight {unknown}
 n - a potion of brilliance {unknown}
 t - 3 potions of curing {unknown}
 v - 2 potions of agility {unknown}
Comestibles
 c - 13 rations
 z - 6 chunks of flesh


   Skills:
 + Level 4.0 Fighting
 + Level 6.5 Dodging
 - Level 2.4 Stealth
 + Level 7.3 Spellcasting
 * Level 9.1 Conjurations


You had 18 spell levels left.
You knew the following spells:

 Your Spells              Type           Power        Failure   Level  Hunger
a - Magic Dart            Conj           ####         1%          1    None
b - Searing Ray           Conj           ######       1%          2    None

Your spell library contained the following spells:

 Spells                   Type           Power        Failure   Level  Hunger
 Iskenderun's Mystic Bla  Conj           ######..     2%          4    ##.....
 Dazzling Spray           Conj/Hex       ####..       4%          3    None
 Force Lance              Conj/Tloc      ####....     16%         4    ##.....
 Fulminant Prism          Conj/Hex       ####......   16%         4    ##.....


Dungeon Overview and Level Annotations

Branches:
Dungeon (6/15)
 Temple: D:4-7

Altars:
Hepliaklqana
Okawaru
Sif Muna

Shops:
D:4 }


Message History

Aiming: Searing Ray (safe; 1% risk of failure)
Press: ? - help, Shift-Dir - straight line, f - orc warrior
Aim: an orc warrior, wielding a battleaxe and wearing a plate armour The searing ray hits the orc warrior.
The orc warrior is lightly wounded. (Press . to maintain the ray.)
The searing ray hits the orc warrior.
The orc warrior is lightly wounded.
The orc warrior misses you.
The searing ray hits the orc warrior.
The orc warrior is heavily wounded.
The orc warrior hits you with a battleaxe!!
* * * LOW HITPOINT WARNING * * *
The searing ray hits the orc warrior.
The orc warrior is heavily wounded.
You finish channeling your searing ray.
The orc warrior hits you with a battleaxe!
* * * LOW HITPOINT WARNING * * *
The orc warrior hits you with a battleaxe!
You die...

'####.# ...##.#
......############
.................#
......##########.#
##....#........#.#
........######.#.#
.#......#....(<#.#
.#.###......##.#@#
.....#......+..#o#
...#.#......##.#.#
...#........####.#
..>#.............#
##...........#####
.............#
....##.......#
###..........#


You could see an orc warrior.

Vanquished Creatures
  Eustachio (D:6)
  Edmund (D:4)
  An ice beast (D:5)
  An orc warrior (D:6)
  2 ogres
  A centaur (D:5)
  A bullfrog (D:6)
  A water moccasin skeleton (D:6)
  A scorpion (D:5)
  4 wights (D:6)
  3 howler monkeys
  A jelly (D:5)
  4 orc priests
  2 hounds
  Jessica (D:3)
  A centaur skeleton (D:6)
  An iguana (D:5)
  4 orc wizards
  3 worker ants
  A hound skeleton (D:4)
  A howler monkey zombie (D:5)
  9 adders
  A shadow imp (D:5)
  An ooze (D:4)
  An adder skeleton (D:4)
  2 adder zombies (D:6)
  3 worms (D:3)
  4 dart slugs
  A leopard gecko (D:5)
  20 orcs
  4 giant cockroaches
  2 hobgoblins
  5 bats
  6 frilled lizards
  A giant cockroach zombie (D:5)
  3 goblins
  5 kobolds
  A leopard gecko zombie (D:2)
  A quokka skeleton (D:5)
  A quokka zombie (D:5)
  22 rats
129 creatures vanquished.

Notes
Turn   | Place    | Note
-------+----------+-------------------------------------------
     0 | D:1      | Lilu the Deep Elf Conjurer began the quest for the Orb.
     0 | D:1      | Reached XP level 1. HP: 10/10 MP: 6/6
   212 | D:1      | Reached XP level 2. HP: 16/16 MP: 4/8
  1154 | D:2      | Reached XP level 3. HP: 16/20 MP: 1/9
  1750 | D:3      | Reached skill level 5 in Conjurations
  1763 | D:3      | Learned a level 2 spell: Searing Ray
  1899 | D:3      | Reached skill level 1 in Fighting
  2191 | D:3      | Reached XP level 4. HP: 5/25 MP: 9/11
  2479 | D:3      | Noticed Jessica
  2990 | D:3      | Reached XP level 5. HP: 29/29 MP: 8/13
  3196 | D:3      | Killed Jessica
  3453 | D:4      | Noticed Edmund
  3557 | D:4      | Found Odaup's Gadget Emporium.
  3710 | D:4      | Reached skill level 6 in Conjurations
  3719 | D:4      | Reached XP level 6. HP: 11/35 MP: 1/14
  4086 | D:4      | Found a deep blue altar of Sif Muna.
  4207 | D:4      | Killed Edmund
  4207 | D:4      | Reached skill level 5 in Spellcasting
  4244 | D:4      | Reached XP level 7. HP: 27/40 MP: 7/17
  4558 | D:5      | Entered Level 5 of the Dungeon
  4565 | D:5      | Reached skill level 7 in Conjurations
  5226 | D:5      | Reached skill level 5 in Dodging
  5311 | D:5      | Found an iron altar of Okawaru.
  5442 | D:5      | Found a hazy altar of Hepliaklqana.
  5771 | D:5      | Reached XP level 8. HP: 46/46 MP: 15/19
  5897 | D:6      | Reached skill level 8 in Conjurations
  6200 | D:6      | Noticed Eustachio
  6450 | D:6      | Killed Eustachio
  6529 | D:6      | Got an amethyst-encrusted ring mail
  6630 | D:6      | Reached skill level 9 in Conjurations
  6705 | D:6      | HP: 1/48 [orc warrior/battleaxe (12)]
  6729 | D:6      | Mangled by an orc warrior

Skill      XL: |  1  2  3  4  5  6  7  8 |
---------------+-------------------------+-----
Dodging        | 3 4 5 6 |  6.5
Conjurations   | 5 6 7 9 |  9.1
Fighting       | 1 2 3 4 |  4.0
Spellcasting   | 4 5 6 7 |  7.3
Stealth        | |  2.4

Action                   |  1- 3 |  4- 6 |  7- 9 || total
-------------------------+-------+-------+-------++-------
Melee: Dagger            |     8 |    48 |    67 ||   123
       Flail             |       |       |    11 ||    11
 Fire: Shortbow          |       |       |     8 ||     8
 Cast: Magic Dart        |    88 |    42 |    32 ||   162
       Searing Ray       |     1 |    10 |    25 ||    36
  Use: Scroll            |       |       |     1 ||     1
 Stab: Sleeping          |       |     2 |     1 ||     3
  Eat: Chunk             |     4 |     6 |     4 ||    14
       Ration            |       |       |     1 ||     1
Armor: Robe              |     2 |       |       ||     2
       Leather armour    |       |    15 |    11 ||    26
Dodge: Dodged            |     7 |    32 |    86 ||   125
